Map: Radhuset Station LE

Players

SubN - Winner!

  • Race: Zerg Zerg
  • League: Diamond
  • Spawn Location: 7:00

Cochis

  • Race: Protoss Protoss
  • League: Diamond
  • Spawn Location: 1:00

VOD

Have the link to the VOD?

Description

Time

  • Played on: Dec. 26, 2023, 11:19 p.m.
  • Length: 10:36
Show
View Real Time Build Order
Export as new Build Order

SubN Zerg - Winner!

Build Orders: 3 Hatch before Pool 

Get SALT Encoding   

  12  0:00  Drone  
  13  0:12  Overlord  
  13  0:17  Drone  
  14  0:30  Drone x2  
  16  0:54  Hatchery  
  16  0:56  Drone  
  16  1:21  Hatchery  
  15  1:27  Drone x2  
  15  1:31  Drone  
  18  1:34  Extractor  
  17  1:48  Spawning Pool  
  17  1:51  Drone  
  17  1:54  Drone  
  17  2:00  Drone  
  19  2:06  Drone  
  20  2:16  Drone  
  20  2:19  Drone  
  22  2:24  Drone  
  23  2:31  Drone  
  24  2:41  Metabolic Boost  
  24  2:46  Queen x2  
  24  2:49  Queen  
  30  2:52  Drone  
  30  2:54  Drone  
  32  2:59  Overlord  
  32  3:03  Overlord  
  32  3:06  Drone  
  32  3:08  Drone  
  34  3:18  Drone x4  
  39  3:20  Drone  
  39  3:21  Drone  
  40  3:28  Queen  
  40  3:30  Drone  
  43  3:37  Overlord  
  43  3:40  Overlord  
  43  3:42  Overlord  
  43  3:50  Drone x5  
  43  3:52  Drone  
  49  3:57  Drone x3  
  49  3:59  Drone x2  
  54  4:08  Drone x3  
  57  4:19  Drone x5  
  62  4:26  Extractor  
  62  4:28  Drone  
  62  4:31  Overlord x4  
  62  4:41  Roach Warren  
  62  4:43  Evolution Chamber  
  62  4:44  Evolution Chamber  
  61  4:45  Drone x4  
  61  4:51  Drone x2  
  65  4:54  Drone  
  65  4:55  Extractor x2  
  64  5:03  Hatchery  
  63  5:07  Queen  
  63  5:10  Drone x5  
  70  5:15  Drone  
  70  5:19  Extractor  
  70  5:20  Lair  
  70  5:31  Drone x6  
  76  5:38  Extractor  
  76  5:42  Roach  
  79  5:43  Roach x6  
  89  5:50  Drone  
  89  5:56  Drone x8  
  98  6:01  Zerg Missile Weapons Level 1  
  98  6:02  Zerg Ground Armor Level 1  
  98  6:10  Overlord x4  
  98  6:11  Overlord  
  98  6:18  Overlord x3  
  98  6:24  Glial Reconstitution  
  98  6:28  Queen x2  
  98  6:29  Ravager  
  98  6:30  Ravager x5  
  98  6:32  Zergling x24  
  120  6:36  Overlord  
  120  6:44  Roach  
  120  6:45  Roach x2  
  126  6:48  Zergling x2  
  126  6:50  Overseer x2  
  126  6:51  Overseer x2  
  127  6:59  Zergling x2  
  127  7:00  Zergling x20  
  140  7:08  Roach  
  140  7:11  Ravager x2  
  140  7:13  Drone x3  
  145  7:28  Drone x3, Extractor  
  147  7:36  Roach  
  149  7:37  Roach x9  
  149  7:44  Drone  
  168  7:45  Overlord x5  
  168  8:00  Overlord x2  
  168  8:01  Drone, Extractor  
  168  8:03  Drone x2  
  168  8:04  Drone x2  
  168  8:05  Drone x4  
  176  8:07  Drone  
  145  8:42  Roach x6  
  145  8:43  Roach x12  
  175  8:52  Hatchery  
  157  9:09  Roach x5  
  177  9:10  Roach x6  
  164  9:38  Roach  
  164  9:39  Roach x13  
  182  10:06  Zergling x12  
  182  10:07  Zergling x22  
  191  10:13  Zergling x2  
  191  10:14  Zergling x8  
Show
View Real Time Build Order
Export as new Build Order

Cochis Protoss 

Build Orders: 1 Gate Expand 

Get SALT Encoding   

  12  0:01  Probe  
  13  0:13  Probe  
  14  0:25  Probe  
  15  0:29  Pylon  
  15  0:47  Probe  
  16  0:53  Gateway  
  16  1:00  Probe (Chrono Boost)  
  17  1:11  Assimilator  
  18  1:12  Probe (Chrono Boost)  
  18  1:18  Probe (Chrono Boost)  
  19  1:28  Probe  
  20  1:34  Nexus  
  20  1:47  Cybernetics Core  
  20  1:48  Probe  
  21  2:00  Probe  
  22  2:07  Gateway  
  22  2:12  Probe  
  23  2:19  Pylon  
  23  2:26  Pylon  
  23  2:29  Assimilator  
  23  2:32  Warp Gate  
  23  2:37  Zealot  
  25  2:46  Probe  
  26  2:52  Forge  
  26  2:57  Stalker  
  28  3:01  Probe  
  28  3:05  Shield Battery  
  29  3:07  Sentry  
  29  3:08  Probe  
  32  3:16  Probe  
  33  3:20  Probe  
  34  3:28  Probe  
  35  3:36  Probe  
  35  3:40  Protoss Ground Weapons Level 1, Probe  
  37  3:48  Probe (Chrono Boost)  
  37  3:52  Probe (Chrono Boost)  
  39  4:00  Probe (Chrono Boost), Robotics Facility  
  40  4:04  Probe (Chrono Boost)  
  40  4:09  Probe (Chrono Boost)  
  42  4:10  Probe (Chrono Boost)  
  43  4:21  Probe  
  43  4:22  Probe  
  45  4:31  Twilight Council  
  45  4:32  Pylon  
  45  4:33  Probe  
  45  4:34  Probe  
  45  4:35  Pylon  
  47  4:45  Probe  
  48  4:46  Probe, Nexus  
  50  4:53  Observer  
  50  4:57  Probe  
  51  5:00  Gateway  
  51  5:01  Gateway  
  51  5:02  Gateway  
  51  5:04  Probe  
  51  5:05  Gateway  
  44  5:07  Charge  
  52  5:10  Probe  
  53  5:16  Probe  
  53  5:20  Pylon  
  54  5:23  Probe  
  54  5:26  Stalker  
  54  5:28  Probe, Stalker  
  59  5:35  Probe  
  61  5:41  Probe  
  61  5:42  Assimilator  
  62  5:47  Probe  
  62  5:48  Photon Cannon  
  63  5:52  Pylon  
  63  5:53  Probe, Stalker  
  63  5:54  Stalker  
  68  5:59  Probe  
  68  6:00  Probe  
  70  6:04  Robotics Bay  
  70  6:05  Probe  
  72  6:11  Probe  
  72  6:12  Probe  
  72  6:17  Probe, Assimilator  
  72  6:18  Assimilator  
  74  6:23  Probe  
  74  6:24  Probe  
  76  6:29  Probe  
  77  6:35  Probe  
  77  6:36  Probe  
  77  6:38  Protoss Ground Weapons Level 2  
  77  6:39  Observer  
  80  6:41  Probe  
  80  6:45  Forge  
  81  6:47  Pylon, Probe  
  81  6:48  Forge, Probe  
  81  6:51  Pylon  
  81  6:52  Pylon  
  81  6:53  Probe  
  84  6:57  Extended Thermal Lance, Stargate  
  84  7:13  Assimilator  
  84  7:16  Shield Battery  
  84  7:19  Photon Cannon  
  84  7:23  Photon Cannon  
  84  7:24  Colossus (Chrono Boost)  
  84  7:25  Probe  
  84  7:26  Pylon  
  84  7:29  Probe  
  92  7:34  Robotics Facility  
  92  7:35  Stalker x2  
  92  7:36  Stalker x3  
  102  7:37  Pylon  
  102  7:48  Probe  
  102  7:49  Photon Cannon  
  102  7:50  Shield Battery  
  103  7:59  Sentry  
  103  8:00  Sentry x2  
  103  8:04  Oracle  
  112  8:10  Protoss Ground Armor Level 1  
  97  8:45  Zealot x4  
  91  8:55  Pylon  
  91  8:57  Pylon  
  76  9:04  Cybernetics Core  
  76  9:07  Zealot x4  
  76  9:09  Immortal x2  
  72  9:35  Gateway  
  70  9:42  Stalker  
  70  9:43  Stalker x3  
  74  10:07  Stalker x4  
  63  10:16  Pylon  
Tags
 
Add a new tag
Caveats
  • Supply blocks, unpowered buildings, or Contaminate may cause inaccurate times.
  • Supply counts are checked every 10 seconds.